 Dungeon Crawl Stone Soup version 0.27.1 (webtiles) character file.

Game seed: 2266496671142583582

20 Destapler the Magician (level 3, 20/27 HPs)
             Began as a Djinni Fire Elementalist on Aug 24, 2021.
             Got out of the dungeon alive.
             The game lasted 00:06:10 (1025 turns).

Destapler the Magician (Djinni Fire Elementalist)   Turns: 1025, Time: 00:06:10

Health: 20/27      AC:  2    Str:  7    XL:     3   Next: 0%
Gold:   42         EV: 12    Int: 17    God:
                   SH:  0    Dex: 13

rFire    + + .     SeeInvis .   b - +0 dagger
rCold    x . .     Faith    .   (no shield)
rNeg     . . .     Spirit   .   a - +0 robe
rPois    ∞         Reflect  .   (no helmet)
rElec    .         Harm     .   (no cloak)
rCorr    .         Rampage  .   (no gloves)
Will     .....                  (boots unavailable)
Stlth    ++........             (no amulet)
HPRegen  0.09/turn              (no ring)
MPRegen  0.00/turn              (no ring)

@: flying
A: sickness immunity, fire resistance 2, cold vulnerability 1, float, innate
caster, hp casting, extra vitality 1
a: no special abilities


You escaped.
You visited 1 branch of the dungeon, and saw 1 of its levels.

You collected 42 gold pieces.

Inventory:

Hand Weapons
 b - a +0 dagger (weapon)
Armour
 a - a +0 robe (worn)
Potions
 c - a potion of attraction {unknown}


   Skills:
 + Level 1.6 Fighting
 - Level 0.3 Short Blades
 - Level 2.3 Dodging
 - Level 1.7 Stealth
 - Level 2.5 Spellcasting


You couldn't memorise any spells.
You knew the following spells:

 Your Spells              Type           Power      Damage    Failure   Level
a - Foxfire               Conj/Fire      40%        2x1d6     7%          1
b - Conjure Flame         Conj/Fire      10%        6-21      21%         3
c - Inner Flame           Hex/Fire       10%        N/A       21%         3
d - Sticky Flame          Conj/Fire      10%        2d3       54%         4
e - Fireball              Conj/Fire      5%         3d5       88%         5
f - Shock                 Conj/Air       40%        1d5       7%          1
Your spell library was empty.

Dungeon Overview and Level Annotations

Branches:
Dungeon (1/15)

Altars:


Innate Abilities, Weirdness & Mutations

You are immune to sickness and miasma.
You are immune to poison.
Your flesh is very heat resistant. (rF++)
You are vulnerable to cold. (rC-)
You float through the air rather than walking.
You learn spells naturally, not from books.
Your magical power is your life essence.
You have superior vitality. (+4 HP)


Message History

You kill the bat!
You have reached level 3!
Your experience leads to an increase in your attributes!
Increase (S)trength, (I)ntelligence, or (D)exterity?
You feel clever.
The power to cast Shock wells up from within.
Spell assigned to 'f'.
You hit the giant cockroach but do no damage.
The foxfire hits the giant cockroach.
The giant cockroach is heavily wounded.
The giant cockroach bites you.
An endoplasm comes into view.
You need no library to learn spells.
Unknown command.
Unknown command.
The giant cockroach misses you. The giant cockroach misses you.
The giant cockroach barely misses you.
You see here 24 stones.
The giant cockroach bites you but does no damage.
The giant cockroach bites you. The ball python misses you.
The ball python barely misses you. The giant cockroach bites you.
The ball python misses you. The ball python barely misses you.
The ball python closely misses you. The ball python grabs you.
The ball python constricts you.
You escape the ball python's grasp.
The giant cockroach bites you. The giant cockroach barely misses you.
The giant cockroach bites you. The giant cockroach misses you.
The giant cockroach barely misses you.
The endoplasm jiggles.
The giant cockroach bites you.
There is a staircase leading out of the dungeon here.
Are you sure you want to leave the Dungeon?
This will make you lose the game!
Alright, then stay!
Are you sure you want to leave the Dungeon?
This will make you lose the game! The giant cockroach closely misses you.
You have escaped!

#.#.#.#...
#.........
#.#.#.#.##
...#.....J. ###
##.##.## ###
#.##.##.#
#.#######.......#
#>#.....####.####
#@#####.# #.#
#B#####.####.#
#S##..J......#
#.J..##.########
##......# #...#
######## #....
#...... #......
#......


You could see an endoplasm, a giant cockroach and a ball python.

Vanquished Creatures
  2 bats (D:1)
  3 endoplasms (D:1)
  2 goblins (D:1)
  2 hobgoblins (D:1)
  A quokka (D:1)
  2 ball pythons (D:1)
  5 kobolds (D:1)
  A rat (D:1)
18 creatures vanquished.

Vanquished Creatures (others)
  31 foxfires (D:1)
31 creatures vanquished.

Grand Total: 49 creatures vanquished

Notes
Turn   | Place    | Note
-------+----------+-------------------------------------------
     0 | D:1      | Destapler the Djinni Fire Elementalist began the quest for
                  | the Orb.
     0 | D:1      | Reached XP level 1. HP: 15/15 MP: 0/0
   135 | D:1      | Reached XP level 2. HP: 15/22 MP: 0/0
   433 | D:1      | Reached skill level 1 in Fighting
   980 | D:1      | Reached XP level 3. HP: 24/27 MP: 0/0
   980 | D:1      | Learned a level 1 spell: Shock
  1025 | D:$      | Got out of the dungeon alive.

Illustrated notes

Levels and vault maps discovered:
D:1:      dpeg_arrival_tiny_i, layout_loops_cross, minmay_tetromino_l4

Skill      XL: |  1  2 |
---------------+-------+-----
Fighting       | 1 |  1.6
Short Blades   | |  0.3
Dodging        | |  2.3
Stealth        | |  1.7
Spellcasting   | |  2.5

Action                   || total
-------------------------++-------
Melee: Dagger            ||    32
       Unarmed           ||     2
 Cast: Foxfire           ||    21
Armor: Robe              ||    14
Dodge: Dodged            ||    53
